Map: Eternal Empire LE

Players

Nice - Winner!

  • Race: Protoss Protoss
  • Spawn Location: 1:00

ExpecT

  • Race: Terran Terran
  • Spawn Location: 7:00

Event: DreamHack SC2 Masters 2020 Fall

VOD

Have the link to the VOD?

Description

Time

  • Played on: Aug. 27, 2020, 8:31 a.m.
  • Length: 15:07

All games in this series

Show
View Real Time Build Order
Export as new Build Order

Nice Protoss - Winner!

Build Orders: 1 Gate Expand, Phoenix Opening 

Get SALT Encoding   

  12  0:00  Probe  
  13  0:12  Probe  
  14  0:18  Pylon  
  14  0:24  Probe (Chrono Boost)  
  15  0:36  Gateway  
  15  0:37  Probe (Chrono Boost)  
  16  0:44  Probe (Chrono Boost)  
  16  0:45  Assimilator  
  17  0:51  Probe  
  18  1:03  Probe  
  19  1:15  Probe  
  20  1:22  Nexus  
  20  1:33  Cybernetics Core  
  20  1:38  Assimilator  
  20  1:39  Probe  
  21  1:48  Pylon  
  21  1:51  Probe  
  22  2:04  Probe  
  22  2:06  Adept (Chrono Boost)  
  23  2:12  Shield Battery  
  25  2:16  Probe  
  25  2:22  Stargate  
  26  2:28  Adept (Chrono Boost)  
  26  2:32  Probe  
  26  2:35  Warp Gate  
  29  2:38  Probe  
  30  2:45  Probe  
  30  2:50  Probe, Adept  
  34  2:57  Probe  
  35  3:02  Probe  
  35  3:04  Phoenix (Chrono Boost)  
  38  3:10  Probe  
  39  3:13  Shield Battery  
  39  3:20  Phoenix (Chrono Boost)  
  39  3:23  Probe  
  39  3:25  Probe  
  43  3:31  Adept  
  46  3:45  Pylon  
  46  3:47  Probe  
  46  4:00  Robotics Facility  
  46  4:03  Probe x2, Phoenix (Chrono Boost)  
  50  4:15  Probe  
  51  4:21  Phoenix (Chrono Boost)  
  54  4:28  Gateway x2  
  54  4:29  Assimilator  
  54  4:31  Pylon, Assimilator  
  53  4:37  Probe  
  54  4:49  Phoenix  
  54  4:52  Probe x2 (Chrono Boost)  
  57  4:56  Observer  
  58  5:03  Probe x2 (Chrono Boost), Adept  
  62  5:14  Pylon  
  62  5:18  Pylon  
  62  5:32  Probe x2  
  64  5:36  Pylon  
  64  5:42  Phoenix (Chrono Boost)  
  64  5:44  Probe x2  
  64  5:47  Robotics Bay  
  68  5:52  Pylon  
  68  5:55  Immortal  
  74  6:03  Probe x2, Nexus  
  74  6:06  Pylon  
  74  6:08  Phoenix  
  74  6:09  Pylon  
  76  6:14  Observer  
  76  6:17  Shield Battery  
  76  6:20  Probe (Chrono Boost)  
  76  6:22  Probe (Chrono Boost)  
  78  6:31  Probe (Chrono Boost)  
  78  6:32  Probe (Chrono Boost)  
  80  6:33  Forge  
  80  6:36  Probe (Chrono Boost)  
  80  6:37  Twilight Council, Probe (Chrono Boost)  
  80  6:38  Observer  
  80  6:39  Colossus (Chrono Boost)  
  82  6:46  Probe  
  89  6:48  Probe  
  88  7:02  Probe  
  88  7:04  Probe  
  88  7:05  Sentry x2  
  88  7:06  Sentry  
  93  7:14  Probe  
  94  7:15  Extended Thermal Lance  
  94  7:16  Probe x2  
  94  7:22  Assimilator  
  96  7:23  Assimilator  
  96  7:26  Probe, Observer  
  96  7:28  Probe x2  
  96  7:29  Protoss Ground Weapons Level 1  
  100  7:31  Gateway  
  100  7:34  Gateway x2  
  100  7:37  Charge (Chrono Boost)  
  100  7:38  Probe  
  100  7:39  Gateway  
  100  7:40  Probe  
  102  7:46  Gateway  
  102  7:50  Pylon  
  102  7:51  Colossus (Chrono Boost)  
  108  7:59  Photon Cannon  
  108  8:16  Templar Archives  
  108  8:17  Pylon  
  108  8:19  Probe x2  
  110  8:20  Pylon, Nexus  
  110  8:22  Probe  
  111  8:31  Probe  
  105  8:43  Observer (Chrono Boost)  
  105  8:45  Robotics Facility  
  105  8:46  Pylon  
  104  8:48  Zealot  
  104  8:50  Probe x3  
  104  8:53  Pylon, Zealot x4  
  117  9:01  Pylon  
  117  9:02  Probe, Colossus (Chrono Boost)  
  118  9:03  Blink  
  118  9:05  Probe  
  118  9:06  Probe  
  126  9:14  Probe  
  127  9:20  Probe  
  127  9:23  Assimilator  
  126  9:29  Assimilator  
  124  9:32  Pylon  
  124  9:35  Warp Prism (Chrono Boost)  
  124  9:36  Protoss Ground Armor Level 1 (Chrono Boost)  
  124  9:38  Forge  
  124  9:43  High Templar x2  
  124  9:44  High Templar x4  
  124  9:45  Zealot x2  
  140  9:52  Archon x2  
  140  9:57  Disruptor (Chrono Boost)  
  141  10:01  Protoss Ground Weapons Level 2 (Chrono Boost)  
  141  10:06  Disruptor (Chrono Boost)  
  144  10:09  Photon Cannon  
  144  10:11  Shield Battery, Photon Cannon  
  144  10:12  Archon  
  144  10:15  Shield Battery  
  144  10:19  Photon Cannon  
  144  10:21  Pylon  
  144  10:27  Dark Shrine  
  144  10:30  Zealot x4  
  144  10:34  High Templar x2  
  144  10:35  Pylon, Nexus, Disruptor (Chrono Boost)  
  159  10:37  Zealot x2  
  159  10:39  Unknown, Archon  
  159  10:41  Stalker x2  
  163  10:43  Gravitic Drive (Chrono Boost)  
  163  10:46  Pylon  
  163  10:47  Pylon  
  163  10:48  Observer (Chrono Boost)  
  164  10:52  Probe x4  
  167  11:03  Disruptor (Chrono Boost)  
  167  11:04  Pylon  
  167  11:05  Photon Cannon  
  167  11:07  Shield Battery  
  167  11:09  Shield Battery  
  167  11:10  Observer (Chrono Boost)  
  171  11:14  Zealot x6  
  171  11:16  Zealot  
  171  11:17  Zealot  
  185  11:40  Disruptor x2  
  185  11:45  Shadow Stride (Chrono Boost)  
  189  11:55  Gravitic Boosters (Chrono Boost)  
  189  11:57  Protoss Ground Armor Level 2 (Chrono Boost)  
  189  12:06  Dark Templar x5  
  199  12:16  Observer  
  173  12:34  Disruptor (Chrono Boost)  
  173  12:36  Disruptor (Chrono Boost)  
  156  12:39  Gateway  
  156  12:43  Dark Templar x6  
  156  12:44  Dark Templar  
  173  12:45  Zealot  
  173  12:46  Gateway  
  173  12:49  Gateway x2  
  175  12:54  Gateway  
  175  12:56  Gateway  
  175  13:02  Observer (Chrono Boost)  
  177  13:10  Observer (Chrono Boost)  
  177  13:14  Dark Templar  
  177  13:15  Dark Templar x3  
  177  13:17  Zealot x4  
  184  13:35  Stalker  
  178  13:43  Stalker x2  
  178  13:44  Stalker x4, Disruptor x2  
  166  13:51  Zealot x7  
  166  13:53  Probe  
  169  14:15  Dark Templar x3  
  169  14:16  Dark Templar  
  177  14:21  Stalker x5  
  177  14:22  Stalker x5  
  195  14:42  Pylon, Nexus  
Show
View Real Time Build Order
Export as new Build Order

ExpecT Terran 

Build Orders: Gas First Reaper Expand 

Get SALT Encoding   

  12  0:00  SCV  
  13  0:12  SCV  
  14  0:17  Supply Depot  
  14  0:24  SCV  
  14  0:27  Refinery  
  15  0:38  SCV  
  16  0:45  Barracks  
  16  0:50  SCV  
  17  1:03  SCV  
  18  1:15  SCV  
  19  1:31  Orbital Command  
  19  1:32  Reaper  
  20  1:46  Command Center  
  20  1:58  SCV  
  21  2:06  Barracks Reactor, Factory  
  21  2:12  Refinery  
  21  2:13  SCV  
  22  2:20  Supply Depot  
  22  2:25  SCV  
  23  2:42  SCV  
  24  2:50  Starport  
  24  2:55  Hellion  
  24  2:56  Hellion  
  24  2:57  SCV  
  29  3:02  Barracks Tech Lab  
  29  3:10  SCV  
  30  3:17  Hellion x2  
  34  3:21  Orbital Command  
  34  3:23  SCV  
  35  3:28  Medivac  
  37  3:38  Widow Mine x2  
  41  3:47  SCV x2  
  41  3:48  Supply Depot  
  43  3:50  Marine  
  44  4:00  Medivac  
  46  4:10  SCV x2  
  46  4:19  Stimpack, Widow Mine x2, Marine  
  46  4:23  Barracks  
  49  4:26  SCV x2  
  51  4:34  Medivac  
  51  4:38  SCV x2  
  53  4:40  Marine  
  53  4:41  Widow Mine  
  53  4:44  Widow Mine  
  54  4:50  SCV x2  
  54  4:53  Supply Depot  
  54  5:04  Command Center  
  54  5:10  SCV x2  
  54  5:12  Medivac  
  53  5:15  Widow Mine x2  
  57  5:22  SCV x2  
  57  5:26  Marine  
  57  5:27  Barracks Reactor  
  60  5:34  SCV x2  
  56  5:36  Supply Depot  
  56  5:38  Widow Mine x2  
  60  5:44  Engineering Bay, Barracks  
  60  5:46  SCV x2, Starport  
  62  5:52  Supply Depot  
  62  5:55  Supply Depot  
  62  5:59  Bunker  
  62  6:00  Supply Depot  
  62  6:02  Widow Mine x2  
  62  6:03  SCV x2  
  66  6:08  Combat Shield, Marine x3  
  69  6:14  Missile Turret  
  69  6:17  Orbital Command  
  69  6:22  Terran Infantry Weapons Level 1  
  70  6:25  SCV x2  
  70  6:29  Barracks  
  71  6:37  SCV  
  71  6:38  SCV, Refinery x2  
  71  6:39  Marauder, Marine x2  
  77  6:40  Barracks Tech Lab  
  77  6:45  SCV  
  78  6:49  SCV  
  78  6:50  SCV  
  80  6:54  Barracks  
  80  6:58  Marauder, Marine  
  80  6:59  Orbital Command, Marine  
  80  7:01  Marauder  
  82  7:06  SCV x2  
  81  7:16  Marine  
  81  7:18  SCV  
  81  7:19  SCV  
  81  7:20  Marauder  
  81  7:22  Barracks Reactor, Marauder  
  88  7:24  Missile Turret  
  88  7:25  SCV  
  88  7:28  Medivac x2  
  88  7:29  Concussive Shells  
  93  7:31  SCV  
  94  7:37  SCV x2  
  94  7:38  Starport  
  94  7:40  Factory Reactor  
  94  7:43  SCV  
  96  7:48  Missile Turret  
  96  7:49  SCV x2  
  98  7:52  Missile Turret, Marauder x2, Marine x2  
  98  7:55  SCV  
  98  7:56  Refinery  
  98  7:58  Refinery  
  105  7:59  Missile Turret  
  105  8:00  Missile Turret  
  105  8:01  SCV  
  105  8:04  SCV  
  105  8:07  SCV  
  105  8:09  Viking x2  
  109  8:15  Supply Depot x2  
  109  8:16  Supply Depot  
  109  8:23  Terran Infantry Armor Level 1  
  109  8:26  SCV x2, Marine x2, Barracks Tech Lab  
  113  8:32  SCV  
  112  8:38  SCV x2  
  112  8:44  Viking x4  
  112  8:48  Marauder x3, Marine x4  
  126  8:52  SCV  
  126  8:53  SCV x2, Supply Depot  
  132  9:13  SCV x2, Ghost Academy  
  132  9:14  SCV  
  132  9:15  Viking x2  
  132  9:16  Viking x2  
  140  9:21  Supply Depot  
  140  9:23  Supply Depot  
  140  9:26  Armory  
  140  9:27  Engineering Bay  
  139  9:39  Command Center  
  139  9:44  Ghost  
  139  9:45  Ghost x2  
  145  9:46  Enhanced Shockwaves  
  145  9:51  Missile Turret  
  143  9:56  Viking  
  143  9:57  Viking  
  145  10:08  Viking x2  
  145  10:13  Marine  
  145  10:14  Marine x3  
  155  10:21  Marauder x3  
  155  10:26  Supply Depot, Terran Infantry Weapons Level 2  
  155  10:27  Supply Depot  
  159  10:29  Terran Infantry Armor Level 2  
  159  10:41  Missile Turret  
  159  10:42  Medivac  
  161  10:43  Medivac  
  161  10:45  Missile Turret, Marine  
  161  10:46  Marine  
  161  10:48  Marauder x2, Marine x2  
  171  10:50  Marauder  
  173  11:02  Medivac x2  
  173  11:03  SCV x2  
  173  11:04  SCV  
  180  11:09  Missile Turret  
  180  11:14  Marauder x3  
  180  11:16  Marine x2  
  180  11:17  Marine x2  
  190  11:20  SCV x3  
  191  11:36  Terran Ship Weapons Level 1  
  191  11:38  Barracks  
  191  11:39  Barracks x2  
  190  11:41  Planetary Fortress  
  187  11:53  Missile Turret  
  186  12:00  Liberator x3  
  186  12:01  Liberator  
  193  12:17  Sensor Tower  
  150  12:31  Marauder x2, Marine x4  
  150  12:32  Marauder  
  150  12:38  Barracks Tech Lab x2  
  150  12:39  Barracks Reactor  
  150  12:48  Fusion Core  
  150  12:49  Marine x4  
  154  12:53  Marauder x3  
  154  12:57  Liberator x2  
  166  12:59  Liberator  
  166  13:03  SCV x3  
  166  13:04  SCV  
  173  13:06  Marauder x2  
  173  13:07  Marine x4  
  181  13:17  Refinery  
  181  13:20  Refinery  
  181  13:24  Command Center  
  132  13:56  Liberator  
  132  14:02  Command Center  
  130  14:07  Marauder x5, Marine x6  
  146  14:22  Liberator x2  
  151  14:46  Marine x2  

Tags
 
Add a new tag
Caveats
  • Supply blocks, unpowered buildings, or Contaminate may cause inaccurate times.
  • Supply counts are checked every 10 seconds.